 Dungeon Crawl Stone Soup version 0.17-a0-755-g4391640 (webtiles) character file.

585 lightmor the Chiller (level 7, -1/36 HPs)
             Began as a Deep Elf Ice Elementalist on Apr 22, 2015.
             Slain by an adder zombie (4 damage)
             ... on level 5 of the Dungeon.
             The game lasted 00:47:26 (4927 turns).

lightmor the Chiller (Deep Elf Ice Elementalist)    Turns: 4927, Time: 00:47:26

Health: -1/36      AC:  4    Str:  5    XL:     7   Next: 14%
Magic:  14/27      EV:  5    Int: 27    God:
Gold:   248        SH:  6    Dex: 15    Spells: 6 memorised, 2 levels left

rFire  . . .     SeeInvis .     A - +2 trident (pierce)
rCold  . . .     Clarity  .     a - +0 robe
rNeg   . . .     SustAb   .     r - +0 shield (curse)
rPois  .         Gourm    .     (no helmet)
rElec  +         Spirit   .     i - +1 cloak
rCorr  .         Warding  .     (no gloves)
rMut   .         Stasis   .     (no boots)
MR     .....                    (no amulet)
Stlth  +++.......               d - ring of wizardry
                                o - ring of magical power

@: brilliant, very slightly contaminated, not resistant to hostile enchantments,
fairly stealthy
A: mutation resistance 1, electricity resistance
a: no special abilities


You were on level 5 of the Dungeon.
You were not hungry.

You visited 1 branch of the dungeon, and saw 5 of its levels.

You collected 248 gold pieces.

Inventory:

Hand weapons
 t - a +1 dagger of venom
 A - a +2 trident of piercing (weapon)
Armour
 a - a +0 robe (worn)
 i - a +1 cloak (worn)
 r - a cursed +0 shield (worn)
Jewellery
 d - a ring of wizardry (right hand)
 g - an uncursed ring of stealth
 o - a ring of magical power (left hand)
Magical devices
 e - a wand of disintegration (19)
 u - a wand of slowing (21)
Scrolls
 x - a scroll of magic mapping
 y - 3 scrolls of identify
 C - a scroll of enchant armour
Potions
 f - a potion of ambrosia
 j - 4 potions of curing
 p - 2 potions of lignification
 q - a potion of poison {unknown}
 s - a potion of restore abilities
 w - a potion of resistance
 z - a potion of flight
 B - a potion of heal wounds {unknown}
Books
 b - a book of Frost

   Spells                             Type                      Level
   a - Freeze                         Ice                          1
   b - Throw Frost                    Conjuration/Ice              2
   c - Ozocubu's Armour               Charms/Ice                   3
   d - Throw Icicle                   Conjuration/Ice              4
   e - Summon Ice Beast               Ice/Summoning                4
   f - Condensation Shield            Ice                          4
 m - a book of Minor Magic

   Spells                             Type                      Level
   a - Magic Dart                     Conjuration                  1
   b - Blink                          Translocation                2
   c - Call Imp                       Summoning                    2
   d - Repel Missiles                 Charms/Air                   2
   e - Slow                           Hexes                        2
   f - Conjure Flame                  Conjuration/Fire             3
   g - Mephitic Cloud                 Conjuration/Poison/Air       3
Comestibles
 c - 6 bread rations
 h - a royal jelly
 k - 5 fruits
 l - a beef jerky
 n - a meat ration


   Skills:
 + Level 3.4 Dodging
 * Level 4.0 Stealth
 + Level 0.1 Shields
 * Level 6.0 Spellcasting
 - Level 1.1 Conjurations
 - Level 2.4 Summonings
 * Level 6.3 Ice Magic


You had 2 spell levels left.
You knew the following spells:

 Your Spells              Type           Power        Failure   Level  Hunger
a - Freeze                Ice            ####         1%          1    None
b - Throw Frost           Conj/Ice       #####.       2%          2    None
c - Condensation Shield   Ice            ######....   4%          4    ###....
d - Blink                 Tloc           N/A          11%         2    None
e - Summon Ice Beast      Ice/Summ       #####...     16%         4    ###....
f - Ozocubu's Armour      Chrm/Ice       #####...     4%          3    None


Dungeon Overview and Level Annotations

Branches:
Dungeon (5/15)
 Temple: D:4-7

Altars:
Trog


Innate Abilities, Weirdness & Mutations

You are somewhat resistant to further mutation.
You are resistant to electric shocks.


Message History

* * * LOW HITPOINT WARNING * * *
Casting: Blink
Confirm with . or Enter, or press ? or * to list all spells.
You blink.
You block the adder zombie's attack.
Casting: Blink
Confirm with . or Enter, or press ? or * to list all spells.
You miscast Blink.
The floor and the ceiling briefly switch places.
The adder zombie closely misses you.
Casting: Blink
Confirm with . or Enter, or press ? or * to list all spells.
You blink.
Casting: Blink
Confirm with . or Enter, or press ? or * to list all spells.
You blink.
Things that are here:
an inedible chunk of flesh; a kobold skeleton
There is a stone staircase leading up here.
The adder zombie bites you.
You die...

#......###....##..#
#.###..##............
#.#...##...##........
#..........###.......#
##...##...............#
#...# #..............#
#... #.........#...)##
...# ##........Z......#
#..###...#....%.@####..
...#...#.....##...#
.....####...###.(.##
#...## ##.###.....# ##
##.######.## #.....##
#.##.
#...##...####.#..#.##
#....
#.........##.##.###.##..#
#.##...#..#..#..# #...#
##...)..........## ##.##


You could see an adder zombie.

Vanquished Creatures
  Eustachio (D:4)
  A centaur (D:5)
  A scorpion (D:4)
  A crimson imp (D:5)
  A centaur skeleton (D:4)
  A jelly (D:5)
  An orc priest (D:4)
  Natasha (twice) (D:3)
  An orc wizard (D:4)
  A worker ant zombie (D:5)
  3 gnolls (D:3)
  7 adders
  An adder skeleton (D:4)
  3 worms
  An orc (D:4)
  4 giant cockroaches
  12 hobgoblins
  6 jackals
  9 kobolds
  3 quokkas
  A ball python skeleton (D:4)
  9 bats
  2 giant geckos (D:3)
  3 giant newts
  4 goblins
  10 rats
89 creatures vanquished.

Vanquished Creatures (collateral kills)
  A shadow imp (D:4)
  2 ufetubi (D:4)
  7 orcs (D:4)
  A bat skeleton (D:4)
  A ball python (D:4)
  A bat (D:4)
13 creatures vanquished.

Vanquished Creatures (others)
  An ice beast (D:4)
  2 crimson imps (D:2)
3 creatures vanquished.

Grand Total: 105 creatures vanquished

Notes
Turn   | Place    | Note
--------------------------------------------------------------
     0 | D:1      | lightmor, the Deep Elf Ice Elementalist, began the quest for the Orb.
     0 | D:1      | Reached XP level 1. HP: 10/10 MP: 6/6
   454 | D:1      | Reached XP level 2. HP: 15/15 MP: 5/8
   660 | D:1      | Gained mutation: You are somewhat resistant to further mutation. [potion of beneficial mutation]
   668 | D:1      | Learned a level 2 spell: Throw Frost
   853 | D:2      | Reached skill level 4 in Ice Magic
   939 | D:2      | Reached XP level 3. HP: 19/19 MP: 5/10
   943 | D:2      | Learned a level 2 spell: Call Imp
   946 | D:2      | Learned a level 2 spell: Blink
  1734 | D:2      | Found a bloodstained altar of Trog.
  1738 | D:2      | Reached XP level 4. HP: 24/24 MP: 8/11
  2624 | D:3      | Reached skill level 5 in Ice Magic
  2740 | D:3      | Reached skill level 1 in Summonings
  2740 | D:3      | Reached XP level 5. HP: 26/28 MP: 13/13
  2821 | D:3      | Noticed Natasha
  2824 | D:3      | Killed Natasha
  2921 | D:3      | Noticed Natasha
  2923 | D:3      | Killed Natasha
  3057 | D:3      | Learned a level 4 spell: Summon Ice Beast
  3259 | D:4      | Gained mutation: You are resistant to electric shocks. [potion of beneficial mutation]
  3319 | D:4      | Learned a level 4 spell: Condensation Shield
  3568 | D:4      | Noticed Eustachio
  3792 | D:4      | Reached skill level 5 in Spellcasting
  3792 | D:4      | Reached XP level 6. HP: 27/32 MP: 15/15
  4396 | D:4      | Killed Eustachio
  4699 | D:4      | Learned a level 3 spell: Ozocubu's Armour
  4700 | D:5      | Entered Level 5 of the Dungeon
  4719 | D:5      | Reached skill level 6 in Ice Magic
  4910 | D:5      | Reached XP level 7. HP: 11/36 MP: 18/18
  4927 | D:5      | Slain by an adder zombie

Action                   |  1- 3 |  4- 6 |  7- 9 || total
-------------------------+-------+-------+-------++-------
Melee: Unarmed           |     3 |     1 |       ||     4
       Dagger            |       |    34 |       ||    34
       Trident           |       |    14 |       ||    14
 Cast: Freeze            |    55 |    74 |     1 ||   130
       Throw Frost       |     3 |    54 |       ||    57
       Call Imp          |     7 |       |       ||     7
       Blink             |       |     6 |     3 ||     9
       Summon Ice Beast  |       |    12 |       ||    12
       Condensation Shie |       |     5 |       ||     5
       Ozocubu's Armour  |       |     1 |       ||     1
  Use: Scroll            |    13 |     9 |       ||    22
       Potion            |     1 |     2 |     1 ||     4
  Eat: Chunk             |     3 |     9 |       ||    12
       Meat ration       |       |     1 |       ||     1
